[Event "Early-Titled-Tuesday-Blitz-February-20-2024"]
[Site "Chess.com"]
[Date "2024.02.20"]
[Round "5"]
[White "treadstone_71"]
[Black "mortngabriel"]
[Result "0-1"]
[WhiteElo "2330"]
[BlackElo "2532"]
[TimeControl "180+1"]
[EndTime "8:56:16 PST"]
[Termination "mortngabriel won by resignation"]

1. e4 e5 2. Nf3 Nc6 3. d4 exd4 4.
Nxd4 Nf6 5. Nxc6 bxc6 6. e5 Qe7 7. Qe2 Nd5 8. c4 Nb6 9. Nd2 g6 10. b3 Bg7 11. Bb2 O-O 12. O-O-O d6 13. f4 d5 14. Qf2 Bg4 15. Re1 dxc4 16. Nxc4 Be6 17. Ba3 Qd8 18. Rd1 Nd5 19. h4 Re8 20. h5 Qb8 21. hxg6 fxg6 22. Bd3 Nc3 23. Qh4 h6 24. Rd2 Rd8 25. Qe7 Bf7 26. e6 Be8 27. Re1 Nxa2+ 28. Rxa2 Rxd3 29. Rd2 Qxb3 30. Rc2 Rc3 31. Re2 Rxc4 32.
Qf7+ Kh7 33. Qxg7+ Kxg7 34. Bb2+ Kh7 35. Rxc4 Qxc4+ 36. Rc2 Qxf4+ 37. Kb1 Qd6 38. Bc3 Qxe6 0-1

[Event "Early-Titled-Tuesday-Blitz-February-20-2024"]
[Site "Chess.com"]
[Date "2024.02.20"]
[Round "5"]
[White "Hope_6"]
[Black "CM_rui"]
[Result "0-1"]
[WhiteElo "2775"]
[BlackElo "2604"]
[TimeControl "180+1"]
[EndTime "8:56:17 PST"]
[Termination "CM_rui won by checkmate"]

1. d4 Nf6 2. c4 e6 3. Nf3 Bb4+ 4. Bd2 c5 5. a3 Bxd2+ 6. Qxd2 O-O 7. Nc3 b6 8. d5 exd5 9. cxd5 d6 10. e4 Re8 11. Bd3 Bf5 12. Qf4 Bxe4 13. Nxe4 Nxe4 14. Bxe4 Qf6 15. Qe3 Qxb2 16. O-O f5 17. Ng5 fxe4 18. Qh3 h6 19. Qh5 Qe5 20. Qf7+ Kh8 21. Ne6 Na6 22.
Qb7 e3 23. Qxa6 exf2+ 24. Kh1 Re7 25. Rad1 Rae8 26. Qd3 Qf6 27. Qg3 Rf7 28. Qxd6 c4 29. Qg3 c3 30. Nc7 Rc8 31. d6 c2 32. Rc1 Qb2 33. Qg4 Qxc1 34. Qxc8+ Kh7 35. Qa6 Qxf1+ 36. Qxf1 c1=Q 37. Qxc1 f1=Q+ 38. Qxf1 Rxf1# 0-1

[Event "Early-Titled-Tuesday-Blitz-February-20-2024"]
[Site "Chess.com"]
[Date "2024.02.20"]
[Round "5"]
[White "MVM2008"]
[Black "Predator0608"]
[Result "0-1"]
[WhiteElo "2468"]
[BlackElo "2594"]
[TimeControl "180+1"]
[EndTime "8:56:17 PST"]
[Termination "Predator0608 won by checkmate"]

1. e4 c5 2. Nf3 d6 3. d4 cxd4 4. Nxd4 Nf6 5. Nc3 a6 6. Bc4 e6 7. Bb3 Nbd7 8. f4 Nc5 9. O-O Nfxe4 10. Nxe4 Nxe4 11. f5 e5 12. Qh5 d5 13. Ne6 Bxe6 14. fxe6 Qb6+ 15. Kh1 Qxe6 16. Be3 Be7 17. Rad1 Nf6 18.
Qf3 e4 19. Qg3 O-O 20. Bd4 Rad8 21. Bxf6 Bxf6 22. Qc7 Rd7 23. Qc5 Rfd8 24. Rf2 Qe5 25. Rdf1 Qd6 26. Qe3 Be5 27. c4 Bxh2 28. cxd5 Bg3 29.
Rf5 Rc8 30. Qg5 Qg6 31. Qe3 Bd6 32. Rg5 Qh6+ 33. Kg1 Bc5 34. Qxc5 Rxc5 35. d6 Qxg5 36. Bxf7+ Rxf7 37. d7 Qe3+ 38. Kh2 Rh5# 0-1

[Event "Early-Titled-Tuesday-Blitz-February-20-2024"]
[Site "Chess.com"]
[Date "2024.02.20"]
[Round "5"]
[White "EdmundPlayer"]
[Black "cthake"]
[Result "0-1"]
[WhiteElo "2291"]
[BlackElo "1780"]
[TimeControl "180+1"]
[EndTime "8:56:17 PST"]
[Termination "cthake won by checkmate"]

1. Nf3 b6 2. b3 Bb7 3. Bb2 e6 4. c4 f5 5. g3 Nf6 6. Bg2 Be7 7. O-O O-O 8. Nc3 Qe8 9. Ne1 Bxg2 10. Nxg2 Nc6 11.
d4 Qh5 12. Nf4 Qf7 13. d5 Nb4 14. a3 Na6 15. dxe6 dxe6 16. e3 Rad8 17. Qf3 Nc5 18. b4 Nb3 19. Rad1 Nd2 20. Qc6 Nxf1 21. Rxf1 e5 22.
Nfd5 Rd6 23. Qxc7 Nxd5 24. Nxd5 Re6 25. Bxe5 Re8 26. Rd1 g5 27. f4 gxf4 28. exf4 h5 29. Qxa7 Bc5+ 30. bxc5 Qxa7 31. cxb6 Qxa3 32. b7 Qc5+ 33.
Kg2 Rxe5 34. fxe5 Qxc4 35. Nf6+ Kf7 36. Rd7+ Ke6 37. Nxe8 Qc6+ 38. Kh3 Qxd7 39. b8=Q Ke7 40. Ng7 f4+ 41. Kh4 Qg4# 0-1

[Event "Early-Titled-Tuesday-Blitz-February-20-2024"]
[Site "Chess.com"]
[Date "2024.02.20"]
[Round "5"]
[White "KanalSzachowy"]
[Black "fighter2jz"]
[Result "0-1"]
[WhiteElo "2436"]
[BlackElo "2779"]
[TimeControl "180+1"]
[EndTime "8:56:18 PST"]
[Termination "fighter2jz won on time"]

1. e4 c5 2. Nc3 Nc6 3. Bb5 Nd4 4.
Nf3 g6 5. O-O Bg7 6. Nxd4 cxd4 7. Ne2 a6 8. Bc4 e6 9. d3 Ne7 10. Bb3 O-O 11. c3 dxc3 12. bxc3 d5 13. Qc2 b5 14. d4 dxe4 15. Qxe4 Rb8 16. Bf4 Bb7 17. Qe3 Rc8 18. Bg5 h6 19. Bxe7 Qxe7 20. Rac1 Qg5 21. Qh3 Rfd8 22. f4 Qe7 23. Ng3 Rxc3 24. Rce1 Qf6 25.
Kh1 Rd3 26. Qg4 R8xd4 27. Bxe6 fxe6 28. Rxe6 h5 29. Qxg6 Qxg6 30. Rxg6 Kh7 31. Rb6 h4 32. Nf5 Rd1 33. Rg1 Rd7 0-1

[Event "Early-Titled-Tuesday-Blitz-February-20-2024"]
[Site "Chess.com"]
[Date "2024.02.20"]
[Round "5"]
[White "lrestevez"]
[Black "pr1105"]
[Result "0-1"]
[WhiteElo "2186"]
[BlackElo "2398"]
[TimeControl "180+1"]
[EndTime "8:56:18 PST"]
[Termination "pr1105 won on time"]

1. e4 e5 2. Nf3 Nc6 3. Bc4 Nf6 4.
d3 Be7 5. c3 O-O 6. O-O d5 7.
exd5 Nxd5 8. Qe2 Bg4 9. h3 Bh5 10. Qe4 Nf6 11. Qe3 Bd6 12. Nbd2 Qe7 13. Ne4 Nxe4 14. dxe4 Bc5 15. Qe2 h6 16. Be3 a5 17.
Rfd1 Rad8 18. Bd5 Kh8 19. Rd2 f5 20. Rad1 fxe4 21. Bxe4 Rxd2 22. Rxd2 a4 23. Bxc5 Qxc5 24. Rd7 a3 25. bxa3 Qxc3 26. Qd2 Qa1+ 27. Kh2 Bxf3 28.
Bxf3 Nd4 29. Bxb7 Qf1 30. Be4 Ne2 31. Qd1 Qxf2 32. Rd8 Qf4+ 33. Kh1 Qxe4 34. Rxf8+ Kh7 35. Rf3 Nf4 36. Qf1 c5 37. Rxf4 exf4 0-1

[Event "Early-Titled-Tuesday-Blitz-February-20-2024"]
[Site "Chess.com"]
[Date "2024.02.20"]
[Round "5"]
[White "LeoLV10"]
[Black "Akylbek2021"]
[Result "1-0"]
[WhiteElo "2496"]
[BlackElo "2273"]
[TimeControl "180+1"]
[EndTime "8:56:19 PST"]
[Termination "LeoLV10 won by checkmate"]

1. e4 g6 2. d4 Bg7 3. Nc3 d6 4. f4 a6 5. Nf3 b5 6. Bd3 Bb7 7. O-O Nd7 8. e5 dxe5 9. fxe5 e6 10. Ne4 Nh6 11. c3 Rc8 12. Bg5 Bxe4 13. Bxd8 Bxf3 14. Qxf3 Kxd8 15. Qc6 Nb8 16. Qb7 Nf5 17.
Bxf5 gxf5 18. Rad1 Ke7 19. d5 Bxe5 20. dxe6 fxe6 21.
Rde1 Kf6 22. Qa7 Rhd8 23. Qe3 Rd5 24. Qh6+ Ke7 25. Qxh7+ Kd6 26. Qf7 Rh8 27. h3 Nd7 28. Rd1 Nb6 29. Rxd5+ Nxd5 30. Re1 Rh4 31. Qf8+ Ne7 32. Qd8+ Kc6 33. Qxe7 Bg3 34. Rxe6+ Kb7 35. Qd7 Rc4 36. Qd5+ Ka7 37. Qxf5 b4 38. Rxa6+ Kxa6 39. Qd3 Kb5 40. b3 bxc3 41. Qxc4+ Kb6 42. Qd4+ Kb7 43. Qxc3 Bd6 44. Qf3+ Kb6 45. g4 Bc5+ 46. Kg2 Bd4 47. h4 Kc5 48. h5 c6 49. Qd3 Be5 50. Qc4+ Kd6 51. h6 c5 52. g5 Kc6 53. g6 Kd6 54. h7 Bf6 55. Kf3 Be5 56. Kg4 Bf6 57. Kf5 Bb2 58. a4 Ba1 59. Qe6+ Kc7 60. Qd5 Kb6 61. Qd6+ Ka5 62. Qxc5+ Ka6 63. b4 Kb7 64. Qd5+ Kb6 65. Qe6+ Ka7 66. Qf7+ Kb6 67. Qf6+ Bxf6 68.
Kxf6 Ka6 69. h8=N Kb6 70. g7 Ka6 71. g8=N Kb6 72. Ne7 Ka6 73. Nf7 Kb6 74. Ke6 Ka6 75.
Kd5 Kb6 76. Ne5 Ka6 77. Kc5 Kb7 78. Nd5 Ka7 79. b5 Kb7 80. Nd3 Ka7 81. Nc3 Kb7 82.
a5 Ka7 83. Na4 Kb7 84. Nb4 Ka7 85. b6+ Kb7 86. a6+ Kb8 87. Nc6+ Ka8 88. b7# 1-0

[Event "Early-Titled-Tuesday-Blitz-February-20-2024"]
[Site "Chess.com"]
[Date "2024.02.20"]
[Round "5"]
[White "TigrVShlyape"]
[Black "ansko1999"]
[Result "1-0"]
[WhiteElo "2921"]
[BlackElo "2694"]
[TimeControl "180+1"]
[EndTime "8:56:20 PST"]
[Termination "TigrVShlyape won by checkmate"]

1. e4 e5 2. Nf3 Nc6 3. Bb5 a6 4. Ba4 d6 5. c3 Bd7 6. O-O Nge7 7. d4 Ng6 8. Re1 Be7 9. Nbd2 h6 10. Nf1 Bg5 11. Ng3 Bxc1 12. Rxc1 O-O 13. Bb3 a5 14. a3 a4 15. Ba2 b5 16. Qd2 Na5 17. Rcd1 Bg4 18.
Qe3 Qf6 19. dxe5 dxe5 20. Nf5 Nf4 21. h3 Bxf5 22. exf5 Rad8 23. Rxd8 Rxd8 24. Nxe5 Nd5 25. Qe4 c6 26. Ng4 Qg5 27. g3 h5 28. Ne5 Nf6 29. Qf3 Nb3 30. Bxb3 axb3 31. h4 Qd2 32. Re2 Qc1+ 33.
Kg2 Rd1 34. Qe3 Rg1+ 35. Kf3 Qb1 36. Qd3 Qc1 37. Nxc6 Kh7 38. Ne5 Ng4 39. Nxg4 hxg4+ 40. Kxg4 f6 41. Qxb5 Qb1 42. Qe8 Qd3 43. Qg6+ Kg8 44. Re8# 1-0

[Event "Early-Titled-Tuesday-Blitz-February-20-2024"]
[Site "Chess.com"]
[Date "2024.02.20"]
[Round "5"]
[White "N_Mullodzhanov"]
[Black "Dixit_Nikhil"]
[Result "1-0"]
[WhiteElo "2486"]
[BlackElo "2589"]
[TimeControl "180+1"]
[EndTime "8:56:20 PST"]
[Termination "N_Mullodzhanov won by resignation"]

1. e4 c5 2. c3 d5 3. exd5 Qxd5 4. d4 Nf6 5. Nf3 Bg4 6. Nbd2 cxd4 7. Bc4 Qd8 8. Ne5 Be6 9. Qa4+ Nc6 10. Bxe6 fxe6 11. Nxc6 bxc6 12. Qxc6+ Kf7 13. Nf3 Qd5 14. Nxd4 g6 15.
O-O Bg7 16. Re1 Qxc6 17. Nxc6 Nd7 18. Be3 a6 19. Rad1 Ne5 20. Nxe5+ Bxe5 21. Bd4 Bxd4 22. Rxd4 g5 23. Rde4 Rhd8 24. Rxe6 Rd7 25. g3 a5 26. R6e5 h6 27. Kg2 Ra6 28. R1e2 a4 29. c4 Rc6 30. R5e4 Rc5 31. b4 axb3 32. axb3 Rdc7 33. Rc2 Rb7 34. Rc3 Rc6 35. c5 Rb5 36. b4 Rb7 37.
Rcc4 Ra7 38. h4 Rf6 39. Re2 Ra4 40. hxg5 hxg5 41. Rce4 e6 42. b5 Rf5 43. Rxa4 1-0

[Event "Early-Titled-Tuesday-Blitz-February-20-2024"]
[Site "Chess.com"]
[Date "2024.02.20"]
[Round "5"]
[White "Ezov"]
[Black "arturdailima"]
[Result "0-1"]
[WhiteElo "2175"]
[BlackElo "2383"]
[TimeControl "180+1"]
[EndTime "8:56:20 PST"]
[Termination "arturdailima won by resignation"]

1. d4 Nf6 2. Nc3 d5 3. Bf4 a6 4.
Qd2 Bf5 5. O-O-O e6 6. f3 c5 7.
e3 Nc6 8. g4 Bg6 9. h4 h5 10.
g5 Nd7 11. Bd3 Bxd3 12. Qxd3 b5 13. g6 f6 14. e4 Nxd4 15. exd5 e5 16. Nh3 Nb6 17.
Qe4 Bd6 18. Ne2 Nxe2+ 19. Qxe2 Qc8 20. Bg3 Qf5 21. f4 O-O-O 22. fxe5 Bxe5 23. Bxe5 fxe5 24. Qe3 Rxd5 25. Rxd5 Nxd5 26. Qxc5+ Nc7 27. Qe7 Qxg6 28. Qxe5 Re8 29. Qg5 Qxg5+ 30. Nxg5 Nd5 31. Rg1 Re2 32. Nf3 Rf2 33. Nd4 Rf4 34. c3 Rxh4 35. Rxg7 Rh1+ 36. Kc2 h4 37. Rh7 h3 38. Kb3 Ne3 39. Ne6 h2 40. Nf4 Ng4 41. Nh3 Rg1 42. Nf4 h1=Q 43. Rxh1 Rxh1 0-1

[Event "Early-Titled-Tuesday-Blitz-February-20-2024"]
[Site "Chess.com"]
[Date "2024.02.20"]
[Round "5"]
[White "Evgeny81"]
[Black "ChEsper99"]
[Result "1-0"]
[WhiteElo "2768"]
[BlackElo "2223"]
[TimeControl "180+1"]
[EndTime "8:56:21 PST"]
[Termination "Evgeny81 won on time"]

1. e4 c5 2. Nf3 d6 3. d4 cxd4 4.
Nxd4 Nf6 5. Nc3 a6 6. g3 e5 7.
Nde2 b5 8. Bg2 Bb7 9. O-O Be7 10. a4 b4 11. Nd5 Nxd5 12. exd5 f5 13. f4 e4 14. Nd4 g6 15. Nxf5 gxf5 16. Qh5+ Kd7 17. Qxf5+ Kc7 18. Qxe4 Nd7 19. Qxb4 a5 20. Qc3+ Kb8 21.
Be3 Re8 22. Rfe1 Bf6 23. Bd4 Bxd4+ 24. Qxd4 Re7 25. h3 Kc7 26. Kh2 Qe8 27. Qc3+ Kb8 28. Rxe7 Qxe7 29. Re1 Qf6 30. Qxf6 Nxf6 31. c4 Ba6 32. Re6 Nd7 33. Rxd6 Kc7 34. Rc6+ Kd8 35. b3 Bb7 36. Rh6 Rb8 37. Rxh7 Bc8 38. d6 Nf6 39. Rf7 Ne8 40. c5 Rxb3 41. Bc6 Rb2+ 42. Kg1 Rb1+ 43. Kf2 Rb2+ 44. Ke1 Ba6 45. Ra7 Re2+ 46. Kd1 1-0

[Event "Early-Titled-Tuesday-Blitz-February-20-2024"]
[Site "Chess.com"]
[Date "2024.02.20"]
[Round "5"]
[White "AttackSparrow"]
[Black "wanyaland"]
[Result "1/2-1/2"]
[WhiteElo "2617"]
[BlackElo "2500"]
[TimeControl "180+1"]
[EndTime "8:56:21 PST"]
[Termination "Game drawn by repetition"]

1. Nf3 d5 2. c4 d4 3. g3 c5 4. b4 cxb4 5. a3 bxa3 6. Bg2 Nc6 7. O-O f6 8. Bxa3 e5 9. Bxf8 Kxf8 10. d3 Nge7 11.
Qa4 Kf7 12. Nbd2 Re8 13. Rfb1 Kg8 14. Ne4 Kh8 15. Qa3 b6 16. Nfd2 Be6 17. Nd6 Rf8 18.
N2e4 h6 19. Nb5 Qd7 20. Qd6 Rfd8 21. Qxd7 Rxd7 22. f4 exf4 23. gxf4 Rf8 24. Ng3 Na5 25. Na3 Nf5 26. Nxf5 Bxf5 27. Bf3 Re8 28. Kf2 Re3 29. Rb5 Bg6 30. c5 Bf7 31. Nc2 Ree7 32. cxb6 axb6 33. Rxb6 Nb3 34. Ra8+ Kh7 35. Bc6 Rc7 36. Be4+ Rxe4 37. dxe4 Rxc2 38. Ra7 Bh5 39. Rxb3 Rxe2+ 40. Kf1 Rxe4 41. Rbb7 Rxf4+ 42. Ke1 Rg4 43. Kf2 Rg5 44. Rd7 Bg4 45. Rxd4 h5 46. h4 Rg6 47. Rd8 f5 48. Raa8 Re6 49. Kg3 Re3+ 50. Kf4 Re6 51. Kg5 Rg6+ 52. Kf4 Re6 53. Kg5 Rg6+ 54. Kf4 Re6 1/2-1/2

[Event "Early-Titled-Tuesday-Blitz-February-20-2024"]
[Site "Chess.com"]
[Date "2024.02.20"]
[Round "5"]
[White "FREDERICKtheMATE"]
[Black "FaustinoOro"]
[Result "0-1"]
[WhiteElo "2679"]
[BlackElo "2902"]
[TimeControl "180+1"]
[EndTime "8:56:22 PST"]
[Termination "FaustinoOro won by resignation"]

1. d4 Nf6 2. c4 e6 3. Nf3 b6 4. g3 Bb7 5. Bg2 Be7 6. O-O O-O 7. Nc3 Ne4 8. Nxe4 Bxe4 9. Ne5 Bxg2 10. Kxg2 d5 11. Qc2 c5 12. dxc5 Bxc5 13. Nd3 Be7 14. Rd1 Nc6 15. Bf4 Nd4 16. Qd2 dxc4 17. Ne5 Qd5+ 18. e4 Qxe4+ 19. f3 Qc2 20. Rac1 Qxd2+ 21. Rxd2 Nf5 22. Nc6 Bf6 23. g4 Nh4+ 24. Kg3 c3 25. bxc3 Rfc8 26. Rd6 g5 27. Be3 Ng6 28. Bd4 Bxd4 29.
cxd4 Rc7 30. d5 exd5 31. Re1 Kf8 32. Nd4 Nf4 33. Re5 Rc4 34. Nc6 Ne6 35. Rexd5 h6 36. Nd4 Nf4 37. Rd8+ Rxd8 38. Rxd8+ Ke7 39. Rh8 Rxd4 40.
Rxh6 Rd2 0-1

[Event "Early-Titled-Tuesday-Blitz-February-20-2024"]
[Site "Chess.com"]
[Date "2024.02.20"]
[Round "5"]
[White "Juicy_Fork"]
[Black "Skatchkov_V"]
[Result "1-0"]
[WhiteElo "2497"]
[BlackElo "2605"]
[TimeControl "180+1"]
[EndTime "8:56:22 PST"]
[Termination "Juicy_Fork won by resignation"]

1. e4 e5 2. Nf3 Nf6 3. Nxe5 d6 4. Nf3 Nxe4 5. Nc3 Nxc3 6. dxc3 Be7 7. Be3 O-O 8. Qd2 Nd7 9. O-O-O Nf6 10. Bd3 c5 11. c4 b5 12. Bg5 Be6 13. cxb5 d5 14. h4 c4 15. Be2 Ne4 16. Qe3 f6 17. Nd4 Bf7 18.
Nc6 Qd7 19. Qxe4 Rae8 20. Qg4 Be6 21. Qg3 fxg5 22. hxg5 Bd6 23. Qh4 g6 24. Kb1 Rf4 25. Qh6 Rxf2 26. Bxc4 Bf8 27. Qh4 Rf5 28. Bd3 h5 29.
gxh6 Rh5 30. Qg3 Rxh1 31. Qxg6+ Kh8 32. Rxh1 Qf7 33. Qg3 Bd7 34. Rf1 Bd6 35. Qh4 Qe6 36. Qd4+ Be5 37. Nxe5 Qxe5 38. Qxe5+ 1-0

[Event "Early-Titled-Tuesday-Blitz-February-20-2024"]
[Site "Chess.com"]
[Date "2024.02.20"]
[Round "5"]
[White "paladin_ll"]
[Black "DonJuan_34"]
[Result "1-0"]
[WhiteElo "2246"]
[BlackElo "2466"]
[TimeControl "180+1"]
[EndTime "8:56:22 PST"]
[Termination "paladin_ll won by checkmate"]

1. f3 e5 2. e4 Nf6 3. Nc3 Bc5 4.
Bc4 c6 5. a4 d5 6. exd5 cxd5 7.
Bb5+ Nc6 8. d3 O-O 9. Bxc6 bxc6 10. Bg5 Qb6 11. Nge2 Ne8 12. a5 Qc7 13. Bh4 Nd6 14. Bf2 Bxf2+ 15. Kxf2 d4 16. Ne4 Nf5 17. Qd2 c5 18. b3 Ne3 19. Rhe1 f5 20. N4g3 e4 21. f4 Bb7 22. dxe4 fxe4 23. Kg1 Nxg2 24. a6 Nxe1 25. Qxe1 Bc6 26. b4 e3 27. b5 Bf3 28. Rb1 Qd7 29. Qf1 Qg4 30. b6 axb6 31. Rxb6 Bxe2 32. Qxe2 Qxf4 33. Rb7 Rxa6 34. Qxa6 Qf2+ 35. Kh1 Qe1+ 36. Kg2 Qf2+ 37. Kh3 Qf3 38. Qe6+ Kh8 39. Qe7 h6 40. Qxg7# 1-0

[Event "Early-Titled-Tuesday-Blitz-February-20-2024"]
[Site "Chess.com"]
[Date "2024.02.20"]
[Round "5"]
[White "Ariadna_Atreides"]
[Black "rquery98"]
[Result "0-1"]
[WhiteElo "2194"]
[BlackElo "2766"]
[TimeControl "180+1"]
[EndTime "8:56:24 PST"]
[Termination "rquery98 won on time"]

1. d4 d5 2. Nf3 Nf6 3. e3 e6 4. Bd3 c5 5. b3 Nc6 6. O-O cxd4 7. exd4 Bd6 8. Re1 O-O 9. a3 Re8 10. Bb2 Bf8 11. Nbd2 g6 12. Qe2 Bg7 13. Ne5 Nxe5 14.
dxe5 Nd7 15. f4 Nc5 16. Nf3 Bd7 17. Nd4 Rc8 18. Rac1 Qb6 19. Ba1 f6 20. Kh1 fxe5 21. fxe5 a6 22. Nf3 Nxd3 23. Qxd3 Bh6 24. Rcd1 Qb5 25.
c4 Qc5 26. cxd5 Qxd5 27. Qxd5 exd5 28. Rxd5 Be6 29. Rd3 Red8 30. Nd4 Rc1 31. Rxc1 Bxc1 32. h3 Bxa3 33. Rf3 Bd5 34. Rf1 Bc5 35. Re1 Rf8 36.
Nf3 Bxb3 37. e6 Re8 38. Ng5 h6 39. Nf7 Rxe6 40. Nxh6+ Kh7 41. Rxe6 Bxe6 42. Ng4 Bxg4 43. hxg4 g5 44. Kh2 Bd6+ 45. g3 Kg6 46. Kg2 Be7 47.
Kf3 Bf6 0-1

[Event "Early-Titled-Tuesday-Blitz-February-20-2024"]
[Site "Chess.com"]
[Date "2024.02.20"]
[Round "5"]
[White "zverr1"]
[Black "ClaudiaSof"]
[Result "1-0"]
[WhiteElo "2535"]
[BlackElo "2327"]
[TimeControl "180+1"]
[EndTime "8:56:25 PST"]
[Termination "zverr1 won by resignation"]

1. e4 c5 2. Nf3 Nc6 3. d4 cxd4 4. Nxd4 Nf6 5. Nc3 d6 6. Nxc6 bxc6 7. Bg5 e6 8. Bd3 Be7 9. O-O e5 10. Be2 O-O 11.
Bf3 Be6 12. Qd2 Rb8 13. b3 h6 14. Bxf6 Bxf6 15. Rad1 Be7 16. Na4 Qc7 17. c4 Rfd8 18.
g3 Bf8 19. Qc3 Qb7 20. Rd3 d5 21. cxd5 cxd5 22. Qxe5 Bd6 23. Qd4 dxe4 24. Qxe4 Qe7 25. Rfd1 Bc7 26. Nc3 Rxd3 27. Rxd3 Qf6 28. Nd5 Bxd5 29.
Rxd5 Bb6 30. Rf5 Qd6 31. Qc4 Qe7 32. Bd5 Rf8 33. h4 g6 34. Rf4 Kg7 35. Qc3+ Kh7 36. h5 Bc7 37. hxg6+ fxg6 38. Rxf8 Qxf8 39. Qxc7+ Kh8 40.
Qe5+ Kh7 41. Be4 Qa3 42. Qc7+ Kh8 43. Bxg6 1-0

[Event "Early-Titled-Tuesday-Blitz-February-20-2024"]
[Site "Chess.com"]
[Date "2024.02.20"]
[Round "5"]
[White "PedroGil25"]
[Black "CaspiIsrael"]
[Result "0-1"]
[WhiteElo "2480"]
[BlackElo "2716"]
[TimeControl "180+1"]
[EndTime "8:56:26 PST"]
[Termination "CaspiIsrael won on time"]

1. e4 d5 2. exd5 Qxd5 3. Nc3 Qd6 4. d4 Nf6 5. Nf3 a6 6. Ne5 Nc6 7. Nxc6 Qxc6 8. Bg5 Bg4 9. f3 Bf5 10. Bd3 Qe6+ 11.
Kf2 Bxd3 12. Qxd3 O-O-O 13. Rhe1 Qd6 14. Bxf6 Qxf6 15. Rad1 e6 16. Ne4 Qf5 17. c3 h5 18.
Kg1 h4 19. Nf2 Qg5 20. Re5 Qf4 21. Qe3 Qf6 22. Ng4 Qg6 23. Qe4 Qxe4 24. fxe4 Be7 25. d5 h3 26. Rf1 Bc5+ 27. Kh1 hxg2+ 28.
Kxg2 exd5 29. Rxd5 Rxd5 30. exd5 f6 31. Re1 Kd7 32.
c4 a5 33. a3 a4 34. Re2 Rh5 35. h3 Rg5 36. Kf3 Rf5+ 37. Kg3 Rf1 38. Ne3 Rc1 39. Nf5 g6 40. Nh6 Rxc4 41. Ng8 Bd6+ 42. Kg2 Be5 43.
Rf2 f5 44. Re2 Kd6 45. Nh6 Kxd5 46. Nf7 Bf6 47. Rd2+ Ke6 48. Nh6 Rh4 49. Ng8 Be5 50. Rd8 Rh8 51. Re8+ Kd6 52. h4 Bxb2 53. Kf3 Rxh4 0-1

[Event "Early-Titled-Tuesday-Blitz-February-20-2024"]
[Site "Chess.com"]
[Date "2024.02.20"]
[Round "5"]
[White "kibromNNN"]
[Black "gpsji27"]
[Result "0-1"]
[WhiteElo "1755"]
[BlackElo "2306"]
[TimeControl "180+1"]
[EndTime "8:56:26 PST"]
[Termination "gpsji27 won by resignation"]

1. d4 d5 2. c4 e6 3. Nc3 Nf6 4.
Nf3 Be7 5. Bg5 Nbd7 6. e3 O-O 7. Qc2 h6 8. Bh4 c6 9. Rd1 dxc4 10.
Bxc4 b5 11. Bd3 Bb7 12. O-O a6 13. Bxf6 Nxf6 14. Ne4 Rc8 15. Nxf6+ Bxf6 16. b4 a5 17. a3 axb4 18. axb4 Be7 19. Rb1 Bd6 20. e4 Qe7 21. Qd2 e5 22. dxe5 Bxe5 23. Nxe5 Qxe5 24. Rfc1 Rfd8 25.
Qe2 Rd6 26. Rc5 Qd4 27. Bc2 Rcd8 28. h3 Qd2 29. Qxd2 Rxd2 30. Bb3 Re2 31. Rf5 Rd7 32.
e5 c5 33. bxc5 Be4 34. Rxf7 Rxf7 35. Rd1 Rxf2 36. Rd8+ Kh7 37. Bxf7 Rxf7 38. c6 Bxc6 39. Rd6 Rc7 40. e6 b4 41. e7 Be8 42. Re6 b3 43.
Re2 Rb7 44. Rb2 Ba4 45. Re2 b2 46. e8=Q 0-1

[Event "Early-Titled-Tuesday-Blitz-February-20-2024"]
[Site "Chess.com"]
[Date "2024.02.20"]
[Round "5"]
[White "Maxfan2008"]
[Black "TitarovVasiliYouTube"]
[Result "1-0"]
[WhiteElo "2567"]
[BlackElo "2522"]
[TimeControl "180+1"]
[EndTime "8:56:27 PST"]
[Termination "Maxfan2008 won on time"]

1. d4 d5 2. c4 e6 3. Nc3 a6 4. cxd5 exd5 5. Bf4 Nf6 6. e3 Bd6 7. Bxd6 Qxd6 8. Bd3 O-O 9. Nf3 Bg4 10. h3 Bxf3 11.
Qxf3 Nbd7 12. O-O Rfe8 13. Rab1 c6 14. b4 Nb6 15. Rfc1 g6 16. a4 Kg7 17. b5 cxb5 18.
axb5 a5 19. Rc2 Rec8 20. Rbc1 a4 21. Na2 Rxc2 22. Rxc2 Qa3 23. Bf1 Qb3 24. Re2 a3 25. g4 h6 26. h4 Ne4 27. Qf4 Nc3 28. Qe5+ Kh7 29. Re1 Qxa2 30. Qc7 Kg7 31. Qxc3 Qb2 32.
Qc7 a2 33. Qe5+ Kg8 34. g5 hxg5 35. h5 Nd7 36. Qxg5 a1=Q 37. hxg6 1-0

[Event "Early-Titled-Tuesday-Blitz-February-20-2024"]
[Site "Chess.com"]
[Date "2024.02.20"]
[Round "5"]
[White "Pingah9"]
[Black "Louis-Paulsen-Fan"]
[Result "1-0"]
[WhiteElo "2534"]
[BlackElo "2221"]
[TimeControl "180+1"]
[EndTime "8:56:27 PST"]
[Termination "Pingah9 won on time"]

1. e4 Nf6 2. e5 Nd5 3. c4 Nb6 4. d4 d6 5. f4 dxe5 6. fxe5 c5 7. d5 e6 8. Nc3 exd5 9. cxd5 Qh4+ 10. g3 Qd4 11.
Bb5+ Bd7 12. Bxd7+ N8xd7 13. Nf3 Qxd1+ 14. Kxd1 h6 15. Kc2 O-O-O 16. h4 Re8 17. Bf4 Be7 18. h5 c4 19.
Rhe1 Nc5 20. Rad1 Bg5 21. Rd4 f6 22. e6 Bxf4 23. gxf4 Nd3 24. Rg1 Rhg8 25. b3 Nb4+ 26. Kb2 Nd3+ 27. Ka3 Rd8 28. bxc4 Nc5 29. f5 Kb8 30.
Rdg4 Nc8 31. Rxg7 Rxg7 32. Rxg7 Nd6 33. Nd2 Nxf5 34. Rg6 Nd6 35. Rxf6 Rg8 36. e7 Kc7 37.
Rf8 Rg3 38. Nf3 Kd7 39. Ne5+ Kxe7 40. Rf3 Rxf3 41. Nxf3 Nxc4+ 42. Kb4 Nd6 43. Kxc5 Nf5 44. Ne4 b6+ 45. Kc6 Ng7 46. d6+ Kd8 47. Ne5 1-0

[Event "Early-Titled-Tuesday-Blitz-February-20-2024"]
[Site "Chess.com"]
[Date "2024.02.20"]
[Round "5"]
[White "ShazilTheGOAT2006"]
[Black "szachuspl"]
[Result "1-0"]
[WhiteElo "2630"]
[BlackElo "2503"]
[TimeControl "180+1"]
[EndTime "8:56:30 PST"]
[Termination "ShazilTheGOAT2006 won by resignation"]

1. e4 g6 2. d4 Bg7 3. Nc3 d6 4. Be3 a6 5. h4 Nf6 6. h5 gxh5 7. Rxh5 Bg4 8. Be2 Bxh5 9. Bxh5 Nbd7 10. Be2 e5 11. Qd2 Qe7 12. O-O-O O-O-O 13. d5 Kb8 14. Nf3 Ng4 15. Bxa6 Nxe3 16. Qxe3 bxa6 17. Na4 Nc5 18.
Nxc5 dxc5 19. Nd2 h5 20. Kb1 Rh6 21. Nb3 Rb6 22. Na5 Bh6 23. Qa3 Bf8 24. Qa4 c4 25. Nxc4 Qb4 26. Nxb6 cxb6 27. Qxa6 Bc5 28. f3 Rg8 29. a3 Qa5 30. Qe2 Kb7 31. d6 Rd8 32. d7 Qa4 33. b3 Qxa3 34. Qc4 Qb4 35.
Qd5+ Ka7 36. Qxe5 Kb7 37. Qd5+ Kc7 38. Qxf7 Bd4 39. c3 Bxc3 40. Qd5 Qc5 41. Rc1 Rxd7 42.
Qxc5+ bxc5 43. Rxc3 Kb6 44. Re3 Rd2 45. e5 Rxg2 46. e6 Rg8 47. f4 Kc6 48. f5 Kd6 49. f6 Rg1+ 50. Kb2 Rg2+ 51. Ka3 Rf2 52. e7 1-0

[Event "Early-Titled-Tuesday-Blitz-February-20-2024"]
[Site "Chess.com"]
[Date "2024.02.20"]
[Round "5"]
[White "Capablanca_Oujda_2021"]
[Black "marsofsilva"]
[Result "1-0"]
[WhiteElo "2531"]
[BlackElo "2186"]
[TimeControl "180+1"]
[EndTime "8:56:30 PST"]
[Termination "Capablanca_Oujda_2021 won on time"]

1. b3 d5 2. Bb2 c5 3. g3 f6 4. Bg2 e5 5. e3 Nc6 6. Ne2 Be6 7. O-O h5 8. d4 cxd4 9. exd4 h4 10. dxe5 fxe5 11. c4 d4 12. Nd2 Nf6 13. Ne4 hxg3 14. N2xg3 Nxe4 15. Bxe4 Qh4 16. Re1 Qxh2+ 17.
Kf1 Bh3+ 18. Ke2 Bg4+ 19. Bf3 Qh4 20. Rh1 Bxf3+ 21. Kxf3 Qf4+ 22. Kg2 Rxh1 23. Qxh1 O-O-O 24. Re1 d3 25. Qh3+ Kb8 26. Qf5 Qxf5 27. Nxf5 d2 28.
Rd1 Bb4 29. a3 Bc5 30. b4 Bd4 31. Rxd2 Bxb2 32. Rxb2 Nd4 33. Ne3 Kc7 34. Nd5+ Kd6 35. Rd2 Rc8 36. Ne3 Ke6 37. c5 Rf8 38. Nc4 Rf4 39.
Nd6 Rg4+ 40. Kf1 Nf3 41. Rd3 e4 42. Nxe4 1-0

[Event "Early-Titled-Tuesday-Blitz-February-20-2024"]
[Site "Chess.com"]
[Date "2024.02.20"]
[Round "5"]
[White "ChessSwole"]
[Black "DmitriiZakurdaev"]
[Result "1-0"]
[WhiteElo "2676"]
[BlackElo "2435"]
[TimeControl "180+1"]
[EndTime "8:56:30 PST"]
[Termination "ChessSwole won by resignation"]

1. e4 c6 2. d4 d5 3. e5 Bf5 4. Nf3 e6 5. Be2 Nd7 6. O-O h6 7. c3 Ne7 8. Na3 g5 9. Nc2 c5 10. dxc5 Nxc5 11. Nfd4 a6 12. f4 Qc7 13. Ne3 Be4 14.
Ng4 O-O-O 15. b4 Nd7 16. b5 a5 17. fxg5 hxg5 18. Bxg5 Bg6 19. Rc1 Nb6 20. Bf6 Rh7 21. Bd3 Nc4 22. Bxg6 Nxg6 23. Bxd8 Qxd8 24. Qe2 Qh4 25.
h3 Bc5 26. Kh1 Qg5 27. Nf3 Qf4 28. Nf6 Rh8 29. Nh2 Qg3 30. Qf3 Qg5 31. Nfg4 Ncxe5 32. Nxe5 Nxe5 33. Qf6 Qxf6 34. Rxf6 Kd7 35. Nf3 Bd6 36.
Nxe5+ Bxe5 37. Rxf7+ Kd6 38. Rxb7 Rc8 39. Rb6+ Kc5 40.
Rc6+ Rxc6 41. bxc6 Kxc6 42. h4 Bg3 43. h5 Kd6 44. h6 Bf4 45. h7 Be5 46. g4 1-0